 Dungeon Crawl Stone Soup version 0.29-a0-384-g6960b1960d (webtiles) character file.

Game seed: 3574622102967901256

80 dolemite99 the Gusty (level 4, -5/32 HPs)
             Began as a Gnoll Air Elementalist on May 8, 2022.
             Was a Follower of Cheibriados.
             Killed from afar by an orc wizard (10 damage)
             ... with a puff of flame
             ... on level 3 of the Dungeon.
             The game lasted 00:03:04 (3102 turns).

dolemite99 the Gusty (Gnoll Air Elementalist)       Turns: 3102, Time: 00:03:04

Health: -5/32      AC:  3    Str: 10    XL:     4   Next: 39%
Magic:  0/11       EV: 13    Int: 18    God:    Cheibriados [*.....]
Gold:   52         SH:  0    Dex: 14    Spells: 10/13 levels left

rFire   . . .      SeeInvis .   h - +0 dagger
rCold   . . .      Faith    .   (no shield)
rNeg    . . .      Spirit   .   a - +0 robe
rPois   .          Reflect  .   (no helmet)
rElec   +          Harm     .   (no cloak)
rCorr   .          Rampage  .   (no gloves)
Will    .....                   j - +0 pair of boots
Stlth   +++.......              (no amulet)
HPRegen 0.10/turn               (no ring)
MPRegen 0.12/turn               (no ring)

@: hasted, very quick
A: fangs 1, strong nose, distributed training, electricity resistance, wild
magic 1
a: Renounce Religion, Bend Time


You were on level 3 of the Dungeon.
You worshipped Cheibriados.
Cheibriados was aware of your devotion.
You visited 1 branch of the dungeon, and saw 3 of its levels.

You collected 52 gold pieces.

Inventory:

Hand Weapons
 b - a +0 hunting sling
 h - a +0 dagger (weapon)
Missiles
 i - 125 stones
Armour
 a - a +0 robe (worn)
 c - a +0 scale mail
 j - a +0 pair of boots (worn)
 k - the +1 robe "Obeimp" {rF- rN++ rCorr Slay+6}
   (You found it on level 2 of the Dungeon)

   Slay:      It affects your accuracy & damage with ranged weapons and melee
   (+6).
   rF:        It makes you vulnerable to fire.
   rN:        It greatly protects you from negative energy.
   rCorr:     It protects you from acid and corrosion.
Jewellery
 l - a ring of flight
Scrolls
 d - a scroll of silence {unknown}
 e - a scroll of teleportation {unknown}
 f - a scroll of poison {unknown}
 n - a scroll of immolation {unknown}
Potions
 g - a potion of mutation
 m - 2 potions of haste


   Skills:
 + Level 1.1 Fighting
 + Level 1.1 Short Blades
 + Level 1.1 Long Blades
 + Level 1.1 Axes
 + Level 1.1 Maces & Flails
 + Level 1.1 Polearms
 + Level 1.1 Staves
 + Level 1.1 Slings
 + Level 1.1 Bows
 + Level 1.1 Crossbows
 + Level 1.1 Throwing
 + Level 1.1 Armour
 + Level 4.6 Dodging
 + Level 4.2 Stealth
 + Level 1.1 Shields
 + Level 1.1 Unarmed Combat
 + Level 5.1 Spellcasting
 + Level 2.2 Conjurations
 + Level 0.9 Hexes
 + Level 0.9 Summonings
 + Level 0.9 Necromancy
 + Level 0.9 Translocations
 + Level 0.9 Transmutations
 + Level 0.9 Fire Magic
 + Level 0.9 Ice Magic
 + Level 5.4 Air Magic
 + Level 0.9 Earth Magic
 + Level 0.9 Poison Magic
 + Level 1.2 Invocations
 + Level 1.1 Evocations


You had 10 spell levels left.
You knew the following spells:

 Your Spells              Type           Power      Damage    Failure   Level
a - Shock                 Conj/Air       96%        1d9       4%          1
b - Static Discharge      Conj/Air       24%        N/A       7%          2

Your spell library contained the following spells:

 Spells                   Type           Power      Damage    Failure   Level
 Swiftness                Air            31%        N/A       7%          3
 Animate Skeleton         Necr           20%        N/A       13%         1
 Pain                     Necr           40%        1d6       13%         1
 Airstrike                Air            15%        N/A       21%         4
 Vampiric Draining        Necr           10%        2d6       34%         3


Dungeon Overview and Level Annotations

Branches:
Dungeon (3/15)

Altars:
Cheibriados


Innate Abilities, Weirdness & Mutations

You have very sharp teeth.
Your uncanny sense of smell can sniff out nearby items.
Your experience applies equally to all skills.
You are resistant to electric shocks. (rElec)
Your spells are a little harder to cast, but a little more powerful.


Message History

A magic dart appears from out of thin air!
The magic dart hits you!
Casting: Shock (safe; 2% risk of failure)
Confirm with . or Enter, or press ? or * to list all spells.
Aiming: Shock (safe; 2% risk of failure)
Press: ? - help, Shift-Dir - straight line The zap hits something.
Something hits you but does no damage.
Casting: Shock (safe; 2% risk of failure)
Confirm with . or Enter, or press ? or * to list all spells.
Aiming: Shock (safe; 2% risk of failure)
Press: ? - help, Shift-Dir - straight line The zap hits something.
You hear some strange, mumbled words.
Something tries to affect you, but you resist.
It was a potion of mutation.
You feel extremely strange.
You feel less in control of your magic.
You feel insulated. Something hits you.
It was a potion of haste.
You feel yourself speed up.
Cheibriados forgives your accidental hurry, just this once.
Something barely misses you.
Casting: Shock (safe; 4% risk of failure)
Confirm with . or Enter, or press ? or * to list all spells.
Aiming: Shock (safe; 4% risk of failure)
Press: ? - help, Shift-Dir - straight line The zap hits something.
You hear some strange, mumbled words.
A magic dart appears from out of thin air!
The magic dart hits you.
* * * LOW HITPOINT WARNING * * *
Okay, then.
Casting: Shock (safe; 4% risk of failure)
Confirm with . or Enter, or press ? or * to list all spells.
Okay, then.
h - a +0 dagger (weapon)
You barely miss something. You bite something. You barely miss something.
You hear some strange, mumbled words.
A puff of flame appears from out of thin air!
The puff of flame hits you!
You die...

∆ #....####.#
#.#...# #.#
########.#.#.# #.#
#........#.#.# #.#
#.########.#.# #.# .
#†# #.#.# #.# ..o
#.# #.#.# ..
.....#.########.#.#
.....))..{@......#.#
.######.#######...
#.. ###


There were no monsters in sight!

Vanquished Creatures
  An adder (D:2)
  An ufetubus (D:2)
  2 dart slugs
  A worm (D:3)
  4 orcs (D:3)
  6 ball pythons
  3 endoplasms
  3 giant cockroaches
  4 goblins (D:1)
  6 hobgoblins (D:1)
  4 jackals (D:1)
  2 quokkas (D:2)
  2 bats (D:1)
  3 frilled lizards
  6 kobolds
  4 rats
52 creatures vanquished.

Notes
Turn   | Place    | Note
-------+----------+-------------------------------------------
     0 | D:1      | dolemite99 the Gnoll Air Elementalist began the quest for
                  | the Orb.
     0 | D:1      | Reached XP level 1. HP: 13/13 MP: 6/6
   452 | D:1      | Reached XP level 2. HP: 19/19 MP: 5/7
   821 | D:1      | Reached XP level 3. HP: 9/25 MP: 3/9
  1261 | D:1      | Reached skill level 5 in Spellcasting
  1705 | D:1      | Reached skill level 1 in Invocations
  2272 | D:2      | Reached skill level 1 in Fighting
  2272 | D:2      | Reached skill level 1 in Short Blades
  2272 | D:2      | Reached skill level 1 in Long Blades
  2272 | D:2      | Reached skill level 1 in Axes
  2272 | D:2      | Reached skill level 1 in Maces & Flails
  2272 | D:2      | Reached skill level 1 in Polearms
  2272 | D:2      | Reached skill level 1 in Staves
  2272 | D:2      | Reached skill level 1 in Slings
  2272 | D:2      | Reached skill level 1 in Bows
  2272 | D:2      | Reached skill level 1 in Crossbows
  2272 | D:2      | Reached skill level 1 in Throwing
  2272 | D:2      | Reached skill level 1 in Armour
  2272 | D:2      | Reached skill level 1 in Shields
  2272 | D:2      | Reached skill level 1 in Unarmed Combat
  2272 | D:2      | Reached skill level 1 in Evocations
  2604 | D:2      | Reached XP level 4. HP: 32/32 MP: 9/11
  2605 | D:2      | Identified the +1 robe "Obeimp" {rF- rN++ rCorr Slay+6}
  2726 | D:2      | Found a faded altar of an unknown god.
  2738 | D:2      | Prayed at the altar of an unknown god.
  2738 | D:2      | Became a worshipper of Cheibriados the Contemplative
  2738 | D:2      | Reached * piety under Cheibriados
  2768 | D:2      | Learned a level 2 spell: Static Discharge
  3097 | D:3      | Gained mutation: Your spells are a little harder to cast,
                  | but a little more powerful. [potion of mutation]
  3097 | D:3      | Gained mutation: You are resistant to electric shocks.
                  | (rElec) [potion of mutation]
  3102 | D:3      | Killed from afar by an orc wizard

Illustrated notes

Levels and vault maps discovered:
D:1:      giann_horns, layout_basic
D:2:      layout_rooms, hellmonk_ecumenical_altar_crossroads
D:3:      layout_basic, minmay_misc_feat_chi

Skill      XL: |  1  2  3 |
---------------+----------+-----
Conjurations   | 2 |  2.2
Spellcasting   | 5 |  5.1
Invocations    | 1 |  1.2
Fighting       | 1 |  1.1
Short Blades   | 1 |  1.1
Long Blades    | 1 |  1.1
Axes           | 1 |  1.1
Maces & Flails | 1 |  1.1
Polearms       | 1 |  1.1
Staves         | 1 |  1.1
Slings         | 1 |  1.1
Bows           | 1 |  1.1
Crossbows      | 1 |  1.1
Throwing       | 1 |  1.1
Armour         | 1 |  1.1
Shields        | 1 |  1.1
Unarmed Combat | 1 |  1.1
Evocations     | 1 |  1.1
Dodging        | |  4.6
Stealth        | |  4.2
Hexes          | |  0.9
Summonings     | |  0.9
Necromancy     | |  0.9
Translocations | |  0.9
Transmutations | |  0.9
Fire Magic     | |  0.9
Ice Magic      | |  0.9
Air Magic      | |  5.4
Earth Magic    | |  0.9
Poison Magic   | |  0.9

Action                   |  1- 3 |  4- 6 || total
-------------------------+-------+-------++-------
Melee: Dagger            |       |     2 ||     2
       Hunting sling     |       |     1 ||     1
       Bite              |       |     1 ||     1
 Cast: Shock             |    84 |    29 ||   113
  Use: Potion            |     1 |     2 ||     3
Armor: Robe              |     1 |     4 ||     5
Dodge: Dodged            |    18 |     3 ||    21

Table legend: (Time is in decaauts)
 A = Elapsed time spent in this place.
 B = Non-inter-level travel time spent in this place.
 C = Inter-level travel time spent in this place.
 D = Time resting spent in this place.
 E = Time spent auto-exploring this place.
 F = Levels seen in this place.
 G = Mean time per level.
                   A        B        C        D        E       F      G
               +--------+--------+--------+--------+--------+-----+--------+
         Total |   3192 |   3112 |     80 |    773 |   2013 |   3 | 1064.0 |
       Dungeon |   3192 |   3112 |     80 |    773 |   2013 |   3 | 1064.0 |
               +--------+--------+--------+--------+--------+-----+--------+

Top non-repeatable levels by time:
     D:1: 2230 daAuts
     D:2: 869 daAuts
     D:3: 92 daAuts
